PCL
HOUSTON HAMMERTIME @ VANCOUVER VIPERS
09/26/2026
 
TOP OF THE 1ST
Houston Hammertime batting - Pitching for Vancouver Vipers : RHP Don Barnes
Pitching: RHP Don Barnes
Batting: RHB Dan Mason 0-0: Ball
1-0: Ball
2-0: Ball
3-0: Called Strike
3-1: Base on Balls
Batting: LHB José Villegas 0-0: Ball
Dan Mason steals 2nd base
1-0: SINGLE (Groundball, 34S)
Dan Mason to third
Runner from 3rd tries for Home, SAFE, no throw or cutoff
Batting: LHB Pat Jones 0-0: Ball
1-0: Ball
2-0: Foul Ball, location: 2F
2-1: Ball
3-1: Base on Balls
José Villegas to second
Batting: RHB Moo-hyun Pak 0-0: Ball
1-0: Ball
2-0: Called Strike
2-1: Foul Ball, location: 2F
2-2: Ball
3-2: Foul Ball, location: 2F
3-2: Base on Balls
José Villegas to third
Pat Jones to second
Batting: LHB Bartolo Villanueva 0-0: Swinging Strike
0-1: Foul Ball, location: 2F
0-2: Ball
1-2: Foul Ball, location: 2F
1-2: Ball
2-2: Foul Ball, location: 2F
2-2: Foul Ball, location: 2F
2-2: Strikes out swinging
Batting: RHB Alberto Chávez 0-0: Swinging Strike
0-1: Ball
1-1: Grounds into double play, 4-6-3 (Groundball, 4)
Top of the 1st over - 1 run(s), 1 hit(s), 0 error(s), 2 left on base; Houston 1 - Vancouver 0
BOTTOM OF THE 1ST
Vancouver Vipers batting - Pitching for Houston Hammertime : RHP António Galindo
Pitching: RHP António Galindo
Batting: RHB Alfredo Hernández 0-0: Ball
1-0: Ground out 6-3 (Groundball, 6M)
Batting: RHB Miguel Palácios 0-0: Called Strike
0-1: Fly out, F6 (Popup, 6D)
Batting: RHB Sergio Pujols 0-0: Called Strike
0-1: Foul Ball, location: 2F
0-2: Ball
1-2: Strikes out swinging
Bottom of the 1st over - 0 run(s), 0 hit(s), 0 error(s), 0 left on base; Houston 1 - Vancouver 0
TOP OF THE 2ND
Houston Hammertime batting - Pitching for Vancouver Vipers : RHP Don Barnes
Batting: LHB Fernando Camacho 0-0: Called Strike
0-1: Swinging Strike
0-2: Strikes out swinging
Batting: RHB Rafael Torres 0-0: Foul Ball, location: 2F
0-1: Swinging Strike
0-2: Ball
1-2: Ball
2-2: Foul Ball, location: 2F
2-2: Strikes out swinging
Batting: RHB Domingo Matos 0-0: SINGLE (Groundball, 56D)
Batting: RHB Dan Mason 0-0: Ball
1-0: Ball
2-0: Called Strike
2-1: Ball
Domingo Matos steals 2nd base
3-1: Called Strike
3-2: Base on Balls
Batting: LHB José Villegas 0-0: Swinging Strike
0-1: Ball
1-1: Fly out, F8 (Flyball, 8LM)
Top of the 2nd over - 0 run(s), 1 hit(s), 0 error(s), 2 left on base; Houston 1 - Vancouver 0
BOTTOM OF THE 2ND
Vancouver Vipers batting - Pitching for Houston Hammertime : RHP António Galindo
Batting: SHB Henry Copeland 0-0: Ball
1-0: SINGLE (Line Drive, 56)
Batting: LHB Dave Gray 0-0: Grounds into double play, 4-6-3 (Groundball, 34)
Batting: RHB Steve Bender 0-0: Ball
1-0: Ball
2-0: Ball
3-0: Called Strike
3-1: DOUBLE (Line Drive, 7LD)
Batting: LHB Tanyu Imai 0-0: Ball
1-0: Swinging Strike
1-1: Ball
2-1: Ground out 3-1 (Groundball, 34)
Bottom of the 2nd over - 0 run(s), 2 hit(s), 0 error(s), 1 left on base; Houston 1 - Vancouver 0
TOP OF THE 3RD
Houston Hammertime batting - Pitching for Vancouver Vipers : RHP Don Barnes
Batting: LHB Pat Jones 0-0: Foul Ball, location: 2F
0-1: Ball
1-1: Ball
2-1: Foul Ball, location: 2F
2-2: Ball
3-2: Base on Balls
Batting: RHB Moo-hyun Pak 0-0: Ball
1-0: Ball
2-0: Swinging Strike
2-1: SINGLE (Flyball, 9LS)
Pat Jones to second
Runner from 2nd tries for 3rd, SAFE, throw made to third
Batting: LHB Bartolo Villanueva 0-0: Ball
1-0: Swinging Strike
1-1: Ball
2-1: Swinging Strike
2-2: Ball
3-2: Base on Balls
Moo-hyun Pak to second
Batting: RHB Alberto Chávez 0-0: Fielders Choice at 2nd, 4-6 (Groundball, 34)
Pat Jones scores
Moo-hyun Pak to third
Batting: LHB Fernando Camacho 0-0: Called Strike
0-1: Foul Ball, location: 2F
0-2: SINGLE (Flyball, 89S)
Moo-hyun Pak scores
Alberto Chávez to second
Runner from 2nd tries for 3rd, SAFE, throw made to third
Batting: RHB Rafael Torres 0-0: Swinging Strike
0-1: Ball
1-1: Fly out, F5 (Line Drive, 5)
Batting: RHB Domingo Matos 0-0: Called Strike
0-1: Foul Ball, location: 2F
0-2: Ball
1-2: Strikes out swinging
Top of the 3rd over - 2 run(s), 2 hit(s), 0 error(s), 2 left on base; Houston 3 - Vancouver 0
BOTTOM OF THE 3RD
Vancouver Vipers batting - Pitching for Houston Hammertime : RHP António Galindo
Batting: RHB Bill Little 0-0: Swinging Strike
0-1: Fly out, F5 (Line Drive, 5)
Batting: RHB Oscar Rudd 0-0: Ball
1-0: Swinging Strike
1-1: Called Strike
1-2: Strikes out looking
Batting: RHB Alfredo Hernández 0-0: Called Strike
0-1: Called Strike
0-2: Strikes out looking
Bottom of the 3rd over - 0 run(s), 0 hit(s), 0 error(s), 0 left on base; Houston 3 - Vancouver 0
TOP OF THE 4TH
Houston Hammertime batting - Pitching for Vancouver Vipers : RHP Don Barnes
Batting: RHB Dan Mason 0-0: Swinging Strike
0-1: Called Strike
0-2: Ball
1-2: DOUBLE (Flyball, 9LD)
Batting: LHB José Villegas 0-0: Called Strike
0-1: SINGLE (Line Drive, 89S)
Dan Mason to third
Runner from 3rd tries for Home, SAFE, no throw or cutoff
Batting: LHB Pat Jones 0-0: Ball
1-0: Ball
2-0: Ball
3-0: Base on Balls
José Villegas to second
Batting: RHB Moo-hyun Pak 0-0: Ball
1-0: Called Strike
1-1: Fly out, F3 (Popup, 3D)
Batting: LHB Bartolo Villanueva 0-0: Ball
1-0: Ball
2-0: Ball
3-0: Called Strike
3-1: Base on Balls
José Villegas to third
Pat Jones to second
Batting: RHB Alberto Chávez 0-0: Called Strike
0-1: Called Strike
0-2: Ball
1-2: Ball
2-2: Strikes out swinging
Batting: LHB Fernando Camacho 0-0: Ball
Wild Pitch!
José Villegas scores
Pat Jones to third
Bartolo Villanueva to second
1-0: Swinging Strike
1-1: Ball
2-1: Ball
3-1: Fly out, F8 (Flyball, 78M)
Top of the 4th over - 2 run(s), 2 hit(s), 0 error(s), 2 left on base; Houston 5 - Vancouver 0
BOTTOM OF THE 4TH
Vancouver Vipers batting - Pitching for Houston Hammertime : RHP António Galindo
Batting: RHB Miguel Palácios 0-0: Called Strike
0-1: Bunt for hit - play at first, batter safe!
Batting: RHB Sergio Pujols 0-0: Called Strike
Miguel Palácios steals 2nd base
0-1: Foul Ball, location: 2F
0-2: Foul Ball, location: 2F
0-2: Foul Ball, location: 2F
0-2: Ground out 6-3 (Groundball, 6)
Miguel Palácios to third
Batting: SHB Henry Copeland 0-0: Ball
1-0: Foul Ball, location: 2F
1-1: Ball
2-1: Ball
3-1: Called Strike
3-2: Fly out, F7 (Flyball, 78D)
Runner from 3rd tags up, SCORES, no throw
Batting: LHB Dave Gray 0-0: Called Strike
0-1: Ball
1-1: Ball
2-1: Foul Ball, location: 2F
2-2: Ball
3-2: Fly out, F7 (Flyball, 7M)
Bottom of the 4th over - 1 run(s), 1 hit(s), 0 error(s), 0 left on base; Houston 5 - Vancouver 1
TOP OF THE 5TH
Houston Hammertime batting - Pitching for Vancouver Vipers : RHP Don Barnes
Pitching: LHP Ron Cummins
Batting: RHB Rafael Torres 0-0: Called Strike
0-1: Swinging Strike
0-2: Strikes out swinging
Batting: RHB Domingo Matos 0-0: Called Strike
0-1: Ball
1-1: Foul Ball, location: 2F
1-2: Foul Ball, location: 2F
1-2: Foul Ball, location: 2F
1-2: Ball
2-2: Ground out 6-3 (Groundball, 6)
Batting: RHB Dan Mason 0-0: Foul Ball, location: 2F
0-1: Ball
1-1: Foul Ball, location: 2F
1-2: SINGLE (Groundball, 6MD)
Batting: LHB José Villegas 0-0: Ball
1-0: Called Strike
1-1: Swinging Strike
1-2: Ball
2-2: Foul Ball, location: 2F
2-2: Foul Ball, location: 2F
2-2: Foul Ball, location: 2F
2-2: Strikes out looking
Top of the 5th over - 0 run(s), 1 hit(s), 0 error(s), 1 left on base; Houston 5 - Vancouver 1
BOTTOM OF THE 5TH
Vancouver Vipers batting - Pitching for Houston Hammertime : RHP António Galindo
Batting: RHB Steve Bender 0-0: Swinging Strike
0-1: Ball
1-1: Fly out, F8 (Flyball, 8RD)
Batting: LHB Tanyu Imai 0-0: Called Strike
0-1: Ball
1-1: Called Strike
1-2: Fly out, F9 (Line Drive, 9D)
Batting: RHB Bill Little 0-0: Ground out 4-3 (Groundball, 4)
Bottom of the 5th over - 0 run(s), 0 hit(s), 0 error(s), 0 left on base; Houston 5 - Vancouver 1
TOP OF THE 6TH
Houston Hammertime batting - Pitching for Vancouver Vipers : LHP Ron Cummins
Batting: LHB Pat Jones 0-0: Called Strike
0-1: Ball
1-1: Ball
2-1: Swinging Strike
2-2: Ball
3-2: Foul Ball, location: 2F
3-2: Strikes out swinging
Batting: RHB Moo-hyun Pak 0-0: Ball
1-0: Swinging Strike
1-1: Foul Ball, location: 2F
1-2: Strikes out swinging
Pitching: RHP Pedro Días
Batting: LHB Bartolo Villanueva 0-0: Ball
1-0: Foul Ball, location: 2F
1-1: Ball
2-1: SINGLE (Line Drive, 3D)
Batting: RHB Alberto Chávez 0-0: Called Strike
0-1: Ball
1-1: Ball
2-1: Ball
3-1: Base on Balls
Bartolo Villanueva to second
Batting: LHB Fernando Camacho 0-0: Ball
1-0: Foul Ball, location: 2F
1-1: Ball
2-1: Foul Ball, location: 2F
2-2: Foul Ball, location: 2F
2-2: Ball
3-2: Fly out, F7 (Flyball, 78XD)
Top of the 6th over - 0 run(s), 1 hit(s), 0 error(s), 2 left on base; Houston 5 - Vancouver 1
BOTTOM OF THE 6TH
Vancouver Vipers batting - Pitching for Houston Hammertime : RHP António Galindo
Batting: RHB Oscar Rudd 0-0: SINGLE (Groundball, 56D)
Batting: RHB Alfredo Hernández 0-0: Called Strike
0-1: Ball
1-1: Ball
2-1: 2-RUN HOME RUN (Flyball, 9D), Distance : 367 ft
Batting: RHB Miguel Palácios 0-0: Ground out 6-3 (Groundball, 6M)
Batting: RHB Sergio Pujols 0-0: Ball
1-0: Fly out, F8 (Flyball, 8RD)
Batting: SHB Henry Copeland 0-0: Ball
1-0: Ball
2-0: Called Strike
2-1: Called Strike
2-2: Strikes out swinging
Bottom of the 6th over - 2 run(s), 2 hit(s), 0 error(s), 0 left on base; Houston 5 - Vancouver 3
TOP OF THE 7TH
Houston Hammertime batting - Pitching for Vancouver Vipers : RHP Pedro Días
Batting: RHB Rafael Torres 0-0: Swinging Strike
0-1: Swinging Strike
0-2: Strikes out swinging
Batting: RHB Domingo Matos 0-0: Fly out, F6 (Line Drive, 6)
Batting: RHB Dan Mason 0-0: Called Strike
0-1: Swinging Strike
0-2: Foul Ball, location: 2F
0-2: Ball
1-2: Foul Ball, location: 2F
1-2: Ball
2-2: Strikes out swinging
Top of the 7th over - 0 run(s), 0 hit(s), 0 error(s), 0 left on base; Houston 5 - Vancouver 3
BOTTOM OF THE 7TH
Vancouver Vipers batting - Pitching for Houston Hammertime : RHP António Galindo
Batting: LHB Dave Gray 0-0: Called Strike
0-1: Called Strike
0-2: Foul Ball, location: 2F
0-2: Foul Ball, location: 2F
0-2: Ball
1-2: Ball
2-2: Ball
3-2: DOUBLE (Line Drive, 9LD)
Batting: RHB Steve Bender 0-0: Called Strike
0-1: Ball
1-1: Called Strike
1-2: Ground out 6-3 (Groundball, 6M)
Dave Gray to third
Batting: LHB Tanyu Imai 0-0: Swinging Strike
0-1: Ball
1-1: Ball
2-1: Ball
3-1: Base on Balls
Batting: RHB Bill Little 0-0: Ball
1-0: Ball
2-0: Ball
3-0: Called Strike
3-1: Called Strike
3-2: Foul Ball, location: 2F
3-2: Base on Balls
Tanyu Imai to second
Pinch Hitting: LHB Larry Howard 0-0: Foul Ball, location: 2F
0-1: Ball
1-1: Ball
2-1: Foul Ball, location: 2F
2-2: SINGLE (Groundball, 3D)
Dave Gray scores
Tanyu Imai to third
Bill Little to second
Runner from 3rd tries for Home, SAFE, no throw or cutoff
Batting: RHB Alfredo Hernández 0-0: Ball
1-0: Foul Ball, location: 2F
1-1: Ball
2-1: Foul Ball, location: 2F
2-2: Ball
3-2: SINGLE (Line Drive, 6MD)
Bill Little to third
Larry Howard to second
Pitching: RHP Robert Powers
Pinch Hitting: LHB Mike Williams 0-0: Ball
1-0: Called Strike
1-1: Ball
2-1: Ball
3-1: Swinging Strike
3-2: Fly out, F4 (Line Drive, 4)
Batting: RHB Sergio Pujols 0-0: Called Strike
0-1: Ball
Wild Pitch!
Bill Little scores
Larry Howard to third
Alfredo Hernández to second
1-1: Ball
2-1: Called Strike
2-2: Ball
3-2: Ground out 4-3 (Groundball, 4)
Bottom of the 7th over - 3 run(s), 3 hit(s), 0 error(s), 2 left on base; Houston 5 - Vancouver 6
TOP OF THE 8TH
Houston Hammertime batting - Pitching for Vancouver Vipers : RHP Pedro Días
Now at 2B: Richard Bowman
Now in CF: Mike Williams
Batting: LHB José Villegas 0-0: Called Strike
0-1: Ball
1-1: Ball
2-1: Called Strike
2-2: Ball
3-2: Foul Ball, location: 2F
3-2: Foul Ball, location: 2F
3-2: Strikes out swinging
Batting: LHB Pat Jones 0-0: Called Strike
0-1: Called Strike
0-2: Strikes out swinging
Pitching: RHP Ben Evans
Batting: RHB Moo-hyun Pak 0-0: Ball
1-0: Called Strike
1-1: Ball
2-1: Foul Ball, location: 2F
2-2: Ball
3-2: Base on Balls
Pinch Hitting: LHB Juan Cabańas 0-0: Ball
1-0: Foul Ball, location: 2F
1-1: Fly out, F7 (Flyball, 7S)
Top of the 8th over - 0 run(s), 0 hit(s), 0 error(s), 1 left on base; Houston 5 - Vancouver 6
BOTTOM OF THE 8TH
Vancouver Vipers batting - Pitching for Houston Hammertime : RHP Robert Powers
Now in LF: Juan Cabańas
Batting: SHB Henry Copeland 0-0: Called Strike
0-1: Swinging Strike
0-2: Ball
1-2: Strikes out swinging
Batting: LHB Dave Gray 0-0: Ground out 1-3 (Groundball, 23)
Batting: RHB Steve Bender 0-0: Ball
1-0: Ball
2-0: Called Strike
2-1: SINGLE (Line Drive, 4M)
Batting: LHB Tanyu Imai 0-0: Foul Ball, location: 2F
0-1: Called Strike
0-2: Strikes out swinging
Bottom of the 8th over - 0 run(s), 1 hit(s), 0 error(s), 1 left on base; Houston 5 - Vancouver 6
TOP OF THE 9TH
Houston Hammertime batting - Pitching for Vancouver Vipers : RHP Ben Evans
Now at 1B: Luis Sáenz
Batting: RHB Alberto Chávez 0-0: Ball
1-0: Foul Ball, location: 2F
1-1: Called Strike
1-2: Strikes out swinging
Batting: LHB Fernando Camacho 0-0: Ball
1-0: Called Strike
1-1: Ball
2-1: Foul Ball, location: 2F
2-2: Ball
3-2: Foul Ball, location: 2F
3-2: Ground out 6-3 (Groundball, 6)
Batting: RHB Rafael Torres 0-0: Ball
1-0: Called Strike
1-1: Foul Ball, location: 2F
1-2: Ball
2-2: Ball
3-2: Strikes out swinging
Top of the 9th over - 0 run(s), 0 hit(s), 0 error(s), 0 left on base; Houston 5 - Vancouver 6
Monday, December 5th, 2016 - OOTP Baseball 17.12 Build 75